 Dungeon Crawl Stone Soup version 0.31-a0-1206-g41278d8d1d (webtiles) character file.

Game seed: 12647783053934142423

14 horus123 the Digger (level 2, -4/19 HPs)
             Began as a Human Earth Elementalist on Dec 13, 2023.
             Slain by Terence
             ... wielding a +0 flail
              (9 damage)
             ... on level 2 of the Dungeon.
             The game lasted 00:01:14 (1178 turns).

horus123 the Digger (Human Earth Elementalist)      Turns: 1178, Time: 00:01:15

Health: -4/19      AC:  2    Str:  8    XL:     2   Next: 55%
Magic:  1/5        EV: 12    Int: 15    God:
Gold:   72         SH:  0    Dex: 13    Spells: 5/6 levels left

rFire   . . .        (no weapon)
rCold   . . .        (no shield)
rNeg    . . .        a - +0 robe
rPois   .            (no helmet)
rElec   .            (no cloak)
rCorr   .            (no gloves)
SInv    .            (no boots)
Will    .....        (no amulet)
Stlth   ++           (no ring)
HPRegen 0.23/turn    (no ring)
MPRegen 0.09/turn

%: no passive effects
@: no status effects
A: no striking features
a: no special abilities


You were on level 2 of the Dungeon.
You visited 1 branch of the dungeon, and saw 2 of its levels.

You collected 72 gold pieces.

Inventory:

Armour
 a - a +0 robe (worn)
Scrolls
 e - a scroll of enchant armour {unknown}
 f - a scroll of identify {unknown}
 h - a scroll of vulnerability {unknown}
 i - a scroll of torment {unknown}
 m - a scroll of teleportation {unknown}
Potions
 b - a potion of magic
 c - a potion of degeneration {unknown}
 d - a potion of mutation {unknown}
 g - a potion of haste {unknown}
 j - 2 potions of lignification {unknown}
 k - a potion of brilliance {unknown}
 l - a potion of enlightenment {unknown}


   Skills:
 - Level 2.0 Dodging
 - Level 2.0 Stealth
 + Level 2.8 Spellcasting
 - Level 1.0 Transmutations
 - Level 3.0 Earth Magic


You had 5 spell levels left.
You knew the following spells:

 Your Spells              Type           Power      Damage    Failure   Level
a - Sandblast             Erth           22%        2d7       6%          1

Your spell library contained the following spells:

 Spells                   Type           Power      Damage    Failure   Level
 Passwall                 Tmut/Erth      6%         N/A       14%         2
 Stone Arrow              Conj/Erth      12%        3d7       32%         3
 Petrify                  Tmut/Erth      8%         N/A       65%         4
 Brom's Barrelling Bould  Conj/Erth      6%         2d3       73%         4


Dungeon Overview and Level Annotations

Branches:
Dungeon (2/15)

Altars:

Shops:
D:2 *

Annotations:
D:2 Jessica, Terence


Message History

The hobgoblin is severely wounded.
The hobgoblin closely misses you.
A hobgoblin is nearby!
The blast of sand misses the hobgoblin.
The hobgoblin hits you. x2
A hobgoblin is nearby!
The blast of sand hits the hobgoblin!
You kill the hobgoblin!
HP restored.
Jessica and Terence come into view.
Found 7 gold pieces.
Jessica shouts!
Terence shouts!
You hear a bark!
You see here a hobgoblin corpse.
The blast of sand hits Jessica.
Jessica is heavily wounded.
Jessica mumbles some strange words.
Jessica blinks!
Terence hits you with a +0 flail.
Jessica mumbles some strange words.
Jessica blinks!
A jackal comes into view.
Jessica casts a spell.
Jessica blinks!
Aiming: Sandblast (safe; 6% risk of failure)
Press: ? - help, Q - select action Shift-Dir - straight line, f - Terence
Aim: Terence, wielding a +0 flail and wearing a +0 chain mail (87% to hit)
The blast of sand misses Terence.
Terence shouts, "DIE!!!"
Terence hits you with a +0 flail.
Aiming: Sandblast (safe; 6% risk of failure)
Press: ? - help, Q - select action Shift-Dir - straight line, f/p - Terence
Aim: Terence, wielding a +0 flail and wearing a +0 chain mail (87% to hit)
The blast of sand hits Terence but does no damage.
Terence hits you with a +0 flail!
* * * LOW HITPOINT WARNING * * *
Aiming: Sandblast (safe; 6% risk of failure)
Press: ? - help, Q - select action Shift-Dir - straight line, f/p - Terence
Aim: Terence, wielding a +0 flail and wearing a +0 chain mail (87% to hit)
The blast of sand hits Terence but does no damage.
Terence completely misses you. Terence hits you with a +0 flail!
You die...
Terence says, "That felt goooood."

#....'..∩..'
#......[...#
#....###.≈≈#
#..........#
#......#.≈..
#...$.)....
#.######'##. .
#..@...... ##.#
#.... ..#....
... ##..# #####
#...... #.#
#..## #
#....##@#####)##
#
#$...†.h@@.##.#
#
#....##.##.##.#
# #....
#.......# #
#.... ####..###
#.... #>## #....
### #.... #....


You could see Terence, Jessica and a jackal.

Vanquished Creatures
  An endoplasm (D:1)
  3 goblins (D:1)
  A hobgoblin (D:2)
  A quokka (D:1)
  A ball python (D:1)
  3 bats (D:1)
  2 kobolds (D:2)
12 creatures vanquished.

Notes
Turn   | Place    | Note
-------+----------+-------------------------------------------
     0 | D:1      | horus123 the Human Earth Elementalist began the quest for
                  | the Orb.
     0 | D:1      | Reached XP level 1. HP: 13/13 MP: 3/3
   425 | D:1      | Reached XP level 2. HP: 19/19 MP: 2/5
   661 | D:1      | Found a faded altar of an unknown god.
  1005 | D:2      | Found Luigrava's General Store.
  1170 | D:2      | Noticed Jessica
  1170 | D:2      | Noticed Terence
  1178 | D:2      | Slain by Terence

Illustrated notes

Levels and vault maps discovered:
D:1:      heliophobic_arrival_enchanted_forest, layout_basic,
          ebering_ecumenical_altar_abandoned
D:2:      layout_basic, serial_shops, nicolae_shop_hallway_plus,
          uniq_crazy_yiuf_cottage, uniq_jessica, uniq_terence

Action                     || total
---------------------------++-------
   Cast: Sandblast         ||    21
 Armour: Robe              ||     6
  Dodge: Dodged            ||     3

Table legend: (Time is in decaauts)
 A = Elapsed time spent in this place.
 B = Non-inter-level travel time spent in this place.
 C = Inter-level travel time spent in this place.
 D = Time resting spent in this place.
 E = Time spent auto-exploring this place.
 F = Levels seen in this place.
 G = Mean time per level.
                   A        B        C        D        E       F      G
               +--------+--------+--------+--------+--------+-----+--------+
         Total |   1187 |   1130 |     57 |      0 |   1024 |   2 |  593.5 |
       Dungeon |   1187 |   1130 |     57 |      0 |   1024 |   2 |  593.5 |
               +--------+--------+--------+--------+--------+-----+--------+

Top non-repeatable levels by time:
     D:1: 1010 daAuts
     D:2: 177 daAuts
